 Dungeon Crawl Stone Soup version 0.29.1 (webtiles) character file.

Game seed: 12251671661380184291

562 funkygono the Firebug (level 7, -7/37 HPs)
             Began as a Gargoyle Fire Elementalist on Sept 14, 2022.
             Shot with an arrow by a centaur (8 damage)
             ... on level 5 of the Dungeon.
             The game lasted 00:07:34 (4975 turns).

funkygono the Firebug (Gargoyle Fire Elementalist)  Turns: 4975, Time: 00:07:35

Health: -7/37      AC: 14    Str: 12    XL:     7   Next: 31%
Magic:  7/13       EV: 11    Int: 17    God:
Gold:   233        SH:  0    Dex: 10    Spells: 4/14 levels left

rFire   . . .      SeeInvis .   d - +4 whip (freeze)
rCold   . . .      Faith    .   (no shield)
rNeg    + + .      Spirit   .   A - +2 leather armour {rPois}
rPois   ∞          Reflect  .   q - +1 helmet
rElec   +          Harm     .   h - +1 cloak {rPois}
rCorr   .          Rampage  .   y - +0 pair of gloves
Will    .....                   (no boots)
Stlth   ++........              (no amulet)
HPRegen 0.12/turn               x - ring of positive energy
MPRegen 0.13/turn               (no ring)

@: no status effects
A: sickness immunity, AC +4, negative energy resistance 1, electricity
resistance, torment resistance 1, petrification resistance
a: no special abilities


You were on level 5 of the Dungeon.
You visited 1 branch of the dungeon, and saw 5 of its levels.

You collected 233 gold pieces.

Inventory:

Hand Weapons
 c - a +2 vorpal falchion
 d - a +4 whip of freezing (weapon)
 k - a +0 flail
Armour
 a - a +0 robe
 h - a +1 cloak of poison resistance (worn)
 n - a +0 cloak
 q - a +1 helmet (worn)
 v - a +0 buckler
 y - a +0 pair of gloves (worn)
 A - a +2 leather armour of poison resistance (worn)
Jewellery
 x - a ring of positive energy (left hand)
Wands
 i - a wand of polymorph (2)
 t - a wand of iceblast (11)
Scrolls
 l - 2 scrolls of butterflies
 s - a scroll of brand weapon
Potions
 b - a potion of magic
 f - 5 potions of flight
 g - 2 potions of resistance
 j - a potion of haste
 m - a potion of attraction {unknown}
 o - a potion of brilliance {unknown}
 r - a potion of mutation {unknown}
 u - a potion of invisibility {unknown}
 z - a potion of ambrosia {unknown}


   Skills:
 + Level 0.6 Fighting
 + Level 1.9 Maces & Flails
 + Level 2.0 Dodging
 - Level 2.1 Stealth
 + Level 4.0 Spellcasting
 + Level 3.7 Conjurations
 + Level 5.4 Fire Magic


You had 4 spell levels left.
You knew the following spells:

 Your Spells              Type           Power      Damage    Failure   Level
a - Foxfire               Conj/Fire      76%        2x1d7     3%          1
b - Scorch                Fire           44%        2d7       3%          2
c - Conjure Flame         Conj/Fire      19%        6-21      9%          3
d - Flame Wave            Conj/Fire      19%        2d7       30%         4

Your spell library contained the following spells:

 Spells                   Type           Power      Damage    Failure   Level
 Inner Flame              Hex/Fire       12%        N/A       19%         3
 Freeze                   Ice            12%        1d4       21%         1
 Dazzling Flash           Conj/Hex       18%        N/A       28%         3
 Frozen Ramparts          Ice            6%         1d1       52%         3
 Gell's Gravitas          Tloc           3%         N/A       52%         3
 Teleport Other           Tloc           3%         N/A       52%         3
 Hailstorm                Conj/Ice       9%         3d4       67%         4
 Animate Dead             Necr           3%         N/A       89%         4
 Ice Form                 Ice/Tmut       3%         N/A       89%         4
 Agony                    Necr           3%         N/A       99%         5
 Silence                  Hex/Air        1%         N/A       99%         5
 Dispersal                Tloc           1%         N/A       100%        6
 Simulacrum               Ice/Necr       1%         N/A       100%        6
 Haunt                    Necr/Summ      1%         N/A       100%        7
 Infestation              Necr           1%         N/A       100%        8


Dungeon Overview and Level Annotations

Branches:
Dungeon (5/15)
 Temple: D:4-7

Altars:
Ashenzari
Ru
Trog
Zin

Annotations:
D:5 Ijyb


Innate Abilities, Weirdness & Mutations

You are immune to sickness and miasma.
Your stone body is resilient. (AC +4)
You are immune to poison.
You resist negative energy. (rN+)
You are resistant to electric shocks. (rElec)
You are resistant to unholy torment.
You are immune to petrification.


Message History

Confirm with . or Enter, or press ? or * to list all spells.
You conjure some foxfire!
The foxfire hits the centaur.
The centaur is lightly wounded.
The centaur shoots an arrow.
The arrow hits you!
The centaur shoots an arrow.
The arrow hits you.
* * * LOW HITPOINT WARNING * * *
Your foxfire dissipates!
Ijyb the Twisted Goblin comes into view.
She is wielding a +0 club and carrying a wand of polymorph (10).
Casting: Foxfire (safe; 3% risk of failure)
Confirm with . or Enter, or press ? or * to list all spells.
You conjure some foxfire!
The foxfire hits the centaur.
The centaur is moderately wounded.
Your foxfire dissipates!
Unknown command.
Casting: Foxfire (safe; 3% risk of failure)
Confirm with . or Enter, or press ? or * to list all spells.
You conjure some foxfire!
The foxfire hits Ijyb.
Ijyb is lightly wounded.
The foxfire hits the centaur.
The centaur is moderately wounded.
The foxfire hits the centaur but does no damage.
The centaur is moderately wounded.
The centaur shoots an arrow.
The arrow hits you but does no damage.
The foxfire hits Ijyb but does no damage.
Ijyb is lightly wounded.
Your magical contamination has completely faded away.
The foxfire hits Ijyb.
Ijyb is moderately wounded.
The centaur shoots an arrow.
The arrow hits you but does no damage.
The foxfire hits Ijyb.
Ijyb is moderately wounded.
The centaur shoots an arrow.
The arrow barely misses you.
The centaur shoots an arrow.
The arrow hits you!
* * * LOW HITPOINT WARNING * * *
The centaur shoots an arrow.
The arrow hits you.
* * * LOW HITPOINT WARNING * * *
There is a stone staircase leading up here.
The centaur shoots an arrow.
The arrow hits you but does no damage.
The centaur shoots an arrow.
The arrow hits you!
You die...

##............
##.............
##?........c....
##.......?.......
#...........g....
#...............
#..............
#..............
##..@..........
#.............
##............
#............
##....(......
##..........
#..........
##.......##
#.....###


You could see Ijyb and a centaur.

Vanquished Creatures
  An ogre (D:4)
  A scorpion (D:4)
  A necrophage (D:4)
  A jelly (D:4)
  Natasha (thrice) (D:2)
  2 iguanas (D:4)
  3 gnolls (D:3)
  6 adders
  A worm (D:3)
  A dart slug (D:4)
  11 orcs
  9 endoplasms
  6 giant cockroaches
  14 goblins
  3 hobgoblins
  8 jackals
  7 kobolds
  5 quokkas (D:1)
  5 ball pythons
  7 bats
  3 frilled lizards
  5 rats
103 creatures vanquished.

Vanquished Creatures (others)
  276 foxfires
276 creatures vanquished.

Grand Total: 379 creatures vanquished

Notes
Turn   | Place    | Note
-------+----------+-------------------------------------------
     0 | D:1      | funkygono the Gargoyle Fire Elementalist began the quest
                  | for the Orb.
     0 | D:1      | Reached XP level 1. HP: 10/10 MP: 3/3
   208 | D:1      | Reached XP level 2. HP: 15/15 MP: 3/5
   211 | D:1      | Learned a level 2 spell: Scorch
   640 | D:1      | Reached XP level 3. HP: 19/19 MP: 2/6
   644 | D:1      | Learned a level 3 spell: Conjure Flame
  1184 | D:1      | Found a faded altar of an unknown god.
  1255 | D:1      | Found a sacrificial altar of Ru.
  1495 | D:2      | Reached skill level 4 in Fire Magic
  1774 | D:2      | Noticed Natasha
  1782 | D:2      | Killed Natasha
  1783 | D:2      | Reached XP level 4. HP: 24/24 MP: 2/8
  2122 | D:2      | Noticed Natasha
  2128 | D:2      | Killed Natasha
  2282 | D:2      | Noticed Natasha
  2286 | D:2      | Killed Natasha
  2287 | D:2      | Reached XP level 5. HP: 28/28 MP: 4/9
  2334 | D:2      | Learned a level 4 spell: Flame Wave
  2442 | D:3      | Reached skill level 1 in Maces & Flails
  2733 | D:3      | Found a broken altar of Ashenzari.
  3114 | D:3      | Found a bloodstained altar of Trog.
  3674 | D:4      | Reached XP level 6. HP: 25/32 MP: 3/10
  3804 | D:4      | Reached skill level 5 in Fire Magic
  4050 | D:4      | Reached XP level 7. HP: 37/37 MP: 5/12
  4170 | D:4      | Found a glowing silver altar of Zin.
  4956 | D:5      | Entered Level 5 of the Dungeon
  4969 | D:5      | Noticed Ijyb
  4974 | D:5      | HP: 1/37 [centaur/arrow (1)]
  4975 | D:5      | Shot with an arrow by a centaur

Illustrated notes

Levels and vault maps discovered:
D:1:      dpeg_arrival_lava_altar, layout_basic, serial_forest,
          infiniplex_forest_lined_room_, infiniplex_forest_clump_double,
          infiniplex_forest_zigzag_1, infiniplex_forest_corner_1,
          infiniplex_forest_clump_small, infiniplex_forest_lined_3,
          shapermc_ecumenical_altar_hornbeckon,
          nicolae_concentric_dashed_squares_mild
D:2:      layout_loops_ring, uniq_natasha
D:3:      layout_basic, ashenzari_altar_1, pf_just_have_faith
D:4:      layout_gridville, mainiacjoe_overflow_alcove_2, minmay_mini_jars
D:5:      layout_cave_pods, minivault_24, nicolae_figureground_sparkle,
          uniq_ijyb, uniq_grinder, uniq_blork_the_orc

Skill      XL: |  1  2  3  4  5  6  7 |
---------------+----------------------+-----
Fire Magic     | 4 5 |  5.4
Conjurations   | 2 3 |  3.7
Spellcasting   | 3 4 |  4.0
Maces & Flails | 1 |  1.9
Dodging        | 2 |  2.0
Fighting       | |  0.6
Stealth        | |  2.1

Action                   |  1- 3 |  4- 6 |  7- 9 || total
-------------------------+-------+-------+-------++-------
Melee: Whip              |    11 |    32 |    10 ||    53
 Cast: Foxfire           |    45 |    84 |    37 ||   166
       Scorch            |     1 |     8 |       ||     9
  Use: Scroll            |       |    10 |     4 ||    14
Armor: Robe              |     2 |    29 |     3 ||    34
       Leather armour    |       |       |     6 ||     6
Dodge: Dodged            |     6 |    49 |    15 ||    70
